Map: Kairos Junction LE

Players

Ziggy - Winner!

  • Race: Terran Terran
  • Spawn Location: 5:00

Minatoeh (Minato)

  • Race: Zerg Zerg
  • Spawn Location: 11:00

Event: 2019 WCS Spring

VOD

Have the link to the VOD?

Description

Time

  • Played on: May 17, 2019, 12:04 p.m.
  • Length: 12:33

All games in this series

Show
View Real Time Build Order
Export as new Build Order

Ziggy Terran - Winner!

Build Orders:  

Get SALT Encoding   

  12  0:00  SCV  
  13  0:12  SCV  
  14  0:17  Supply Depot  
  14  0:24  SCV  
  15  0:38  SCV  
  15  0:40  Barracks  
  16  0:44  Refinery  
  16  0:51  SCV  
  17  0:59  Barracks  
  17  1:03  SCV  
  18  1:15  SCV  
  19  1:27  Reaper, Orbital Command  
  20  1:35  Barracks  
  20  1:42  Refinery  
  20  1:46  Reaper  
  21  1:51  Supply Depot  
  21  1:55  SCV  
  22  2:03  Reaper  
  23  2:13  SCV  
  24  2:18  Reaper  
  25  2:25  Reaper  
  26  2:35  Command Center  
  26  2:38  Reaper  
  27  2:44  Supply Depot  
  27  2:49  SCV  
  27  2:50  Reaper  
  29  2:58  Reaper  
  30  3:02  SCV  
  31  3:10  Reaper  
  32  3:21  SCV  
  32  3:22  Reaper  
  34  3:30  Reaper  
  34  3:33  SCV  
  35  3:42  Reaper  
  36  3:51  Command Center  
  36  3:54  Orbital Command  
  36  3:55  Reaper  
  37  4:05  SCV  
  37  4:07  Factory  
  38  4:14  Refinery  
  38  4:16  Marine x2  
  40  4:17  SCV  
  40  4:21  SCV  
  42  4:26  Marine  
  42  4:29  SCV  
  44  4:33  SCV, Marine  
  46  4:41  SCV  
  46  4:44  Marine x2  
  46  4:45  SCV  
  50  4:49  Refinery, Supply Depot  
  50  4:51  Marine  
  50  4:52  Factory Tech Lab  
  50  4:55  Starport  
  50  4:58  SCV  
  51  5:00  SCV  
  51  5:02  Marine  
  51  5:04  Orbital Command  
  53  5:10  SCV  
  54  5:14  Siege Tank  
  54  5:17  SCV  
  58  5:22  SCV  
  58  5:27  Barracks Tech Lab  
  59  5:28  Barracks Tech Lab  
  59  5:29  Barracks Reactor  
  59  5:31  Engineering Bay  
  59  5:32  SCV x2  
  59  5:34  Starport Reactor  
  61  5:40  SCV  
  62  5:44  SCV  
  62  5:47  Siege Tank  
  66  5:50  Marine x2  
  66  5:54  Stimpack  
  66  5:56  SCV  
  69  5:59  SCV  
  69  6:03  Terran Infantry Weapons Level 1  
  70  6:06  Marine  
  70  6:07  Marine  
  70  6:10  SCV  
  73  6:11  SCV  
  73  6:12  SCV  
  75  6:21  Supply Depot, Siege Tank  
  75  6:23  SCV  
  76  6:26  Combat Shield  
  76  6:28  SCV  
  77  6:34  Supply Depot  
  77  6:42  Medivac x2  
  77  6:43  SCV  
  77  6:44  Supply Depot, Marauder  
  84  6:52  Armory  
  84  6:55  Siege Tank  
  84  6:56  Marauder  
  84  6:58  Marine  
  84  6:59  Missile Turret  
  89  7:08  Marine  
  89  7:09  Marauder  
  89  7:10  SCV  
  89  7:13  SCV  
  95  7:18  Barracks  
  95  7:19  Barracks  
  95  7:21  Orbital Command  
  94  7:24  SCV  
  94  7:25  SCV  
  94  7:27  Marine x3  
  99  7:31  Siege Tank, Marauder  
  99  7:34  Engineering Bay  
  99  7:35  Supply Depot  
  104  7:37  Missile Turret  
  104  7:46  SCV x2  
  104  7:49  Missile Turret  
  104  7:51  Supply Depot  
  106  7:55  Marauder x2  
  106  7:57  Marine  
  110  8:00  SCV  
  110  8:01  SCV  
  110  8:02  SCV  
  110  8:03  Marine  
  114  8:12  SCV  
  111  8:13  SCV  
  111  8:14  Barracks Reactor  
  111  8:15  Barracks Reactor, Marine  
  111  8:16  Marine  
  111  8:18  SCV  
  115  8:24  SCV  
  116  8:27  Marine  
  116  8:28  Marauder  
  116  8:32  Marine  
  116  8:33  Marine  
  121  8:37  Siege Tank  
  121  8:39  SCV  
  121  8:40  Supply Depot x2  
  125  8:42  Terran Infantry Weapons Level 2  
  125  8:43  Supply Depot  
  125  8:44  SCV x2  
  125  8:45  Marine  
  124  8:49  Marine  
  121  9:01  Medivac x2, Marine x2  
  121  9:02  Marauder, Marine  
  128  9:04  Marine x2  
  128  9:07  Marauder  
  128  9:08  SCV x3  
  130  9:11  Siege Tank  
  130  9:15  Marine  
  131  9:19  Marine  
  131  9:20  SCV x3  
  131  9:23  Marauder  
  137  9:29  Marine x3, Marauder  
  137  9:30  Command Center  
  142  9:32  SCV x3, Medivac  
  142  9:36  Medivac  
  149  9:42  Terran Infantry Armor Level 1  
  151  9:45  Hellbat  
  151  9:48  Factory  
  151  9:50  Marine x5  
  151  9:51  Missile Turret, Marauder x2  
  159  9:54  SCV x2  
  161  10:01  Missile Turret, Marine  
  161  10:04  Medivac  
  161  10:06  Refinery, Medivac  
  165  10:07  Refinery  
  165  10:09  Marine  
  165  10:15  Missile Turret  
  165  10:16  Supply Depot x2  
  165  10:17  Missile Turret  
  165  10:18  Marauder  
  167  10:23  Thor  
  167  10:25  Marine x2  
  173  10:32  Missile Turret  
  173  10:33  Missile Turret  
  173  10:37  Marine  
  173  10:38  Marauder  
  166  10:51  Marauder, Marine x2  
  166  10:52  Marine x2  
  166  10:56  Marine x2  
  150  10:57  Factory Tech Lab  
  150  10:59  Marauder  
  142  11:06  Siege Tank  
  142  11:09  Marine x2  
  142  11:10  Marine x2  
  148  11:13  Marauder  
  148  11:14  Marine  
  148  11:20  Marauder  
  148  11:22  Marine  
  143  11:26  Marine x2  
  143  11:28  Marine  
  143  11:29  Marine  
  143  11:31  Medivac x2, Marine  
  148  11:33  Siege Tank  
  148  11:34  Marauder  
  148  11:38  Orbital Command  
  149  11:40  Marine  
  149  11:47  Marauder, Marine x3  
  147  11:51  Siege Tank  
  147  12:02  Marine x3  
  147  12:03  Marauder  
  147  12:06  SCV x3  
  156  12:18  SCV  
Show
View Real Time Build Order
Export as new Build Order

Minatoeh Zerg 

Build Orders: Pool First 

Get SALT Encoding   

  12  0:00  Drone  
  13  0:12  Overlord  
  13  0:18  Drone  
  14  0:30  Drone x2  
  16  0:39  Extractor  
  15  0:43  Spawning Pool  
  15  0:46  Drone  
  15  0:50  Drone  
  15  0:56  Drone  
  17  1:20  Hatchery  
  17  1:25  Drone  
  17  1:33  Queen  
  17  1:38  Drone  
  20  1:42  Drone  
  21  1:54  Roach Warren  
  21  1:57  Drone  
  21  2:04  Overlord  
  21  2:18  Extractor, Queen  
  23  2:25  Drone  
  24  2:34  Roach x2  
  24  2:35  Roach  
  30  2:38  Roach  
  32  2:47  Extractor  
  32  2:49  Drone x3  
  34  2:54  Roach  
  36  3:01  Overlord  
  36  3:12  Overlord  
  36  3:20  Ravager  
  36  3:21  Roach x2  
  36  3:26  Ravager  
  40  3:34  Drone x4  
  40  3:38  Drone  
  40  3:39  Ravager  
  40  3:40  Ravager  
  47  3:45  Roach  
  47  3:48  Drone  
  50  3:54  Drone x2  
  52  4:05  Overlord x2  
  52  4:16  Lair  
  52  4:24  Drone x6  
  52  4:30  Roach  
  52  4:31  Roach  
  62  4:40  Roach x3  
  62  4:43  Overlord  
  68  5:07  Overlord x2  
  68  5:15  Glial Reconstitution  
  68  5:20  Spire  
  67  5:21  Extractor  
  67  5:22  Extractor  
  67  5:25  Drone x3  
  67  5:27  Roach x2  
  72  5:35  Roach x5  
  84  5:36  Overlord  
  84  5:37  Overlord  
  84  5:51  Overlord  
  84  5:53  Extractor  
  84  5:56  Drone x4  
  87  6:03  Spire  
  86  6:04  Hatchery  
  86  6:08  Drone x4  
  89  6:25  Drone x2  
  91  6:27  Overlord x3  
  91  6:34  Hatchery  
  90  6:42  Overseer  
  90  6:50  Metabolic Boost  
  90  6:54  Drone x2  
  92  6:55  Roach x3  
  98  7:15  Mutalisk  
  98  7:16  Mutalisk x4  
  98  7:17  Mutalisk  
  112  7:22  Drone x2  
  112  7:29  Evolution Chamber x2  
  110  7:36  Drone x3  
  113  7:46  Queen  
  113  7:50  Drone x4  
  119  8:02  Drone x7  
  119  8:04  Drone  
  123  8:18  Zerg Ground Armor Level 1, Zerg Missile Weapons Level 1  
  123  8:31  Overlord x5  
  123  8:38  Extractor  
  123  8:39  Extractor  
  111  8:51  Roach x8  
  111  8:54  Hatchery  
  111  8:55  Roach x3  
  121  8:56  Roach x2  
  121  9:00  Roach  
  119  9:09  Roach x4  
  112  9:14  Roach x3  
  116  9:24  Mutalisk x3  
  116  9:25  Mutalisk x2  
  126  9:31  Roach  
  126  9:32  Roach x2  
  126  9:38  Roach x4  
  138  9:39  Roach  
  138  9:44  Overlord  
  138  9:45  Overlord  
  142  9:52  Roach  
  144  9:54  Ravager x3  
  144  9:55  Ravager x2  
  144  9:56  Overlord x2  
  149  10:04  Roach x7  
  163  10:11  Roach x4  
  163  10:12  Roach  
  173  10:15  Roach  
  173  10:20  Roach x3  
  181  10:27  Roach x2  
  181  10:28  Roach  
  187  10:31  Roach x4  
  195  10:38  Roach x2  
  140  10:57  Roach x11  
  140  10:58  Roach  
  141  11:12  Roach x4  
  141  11:13  Roach  
  129  11:22  Roach  
  71  11:56  Roach x4  
  82  12:01  Ravager x3  
  82  12:09  Ravager  
  82  12:10  Ravager  
Tags
 
Add a new tag
Caveats
  • Supply blocks, unpowered buildings, or Contaminate may cause inaccurate times.
  • Supply counts are checked every 10 seconds.